 Dungeon Crawl Stone Soup version 0.30-a0-632-g346586fe48 (webtiles) character file.

Game seed: 14057541214043005611

166 zazu2006 the Magician (level 5, -3/43 HPs)
             Began as a Naga Hedge Wizard on Jan 13, 2023.
             Killed by miscasting Mephitic Cloud (11 damage)
             ... on level 3 of the Dungeon.
             The game lasted 00:04:57 (2859 turns).

zazu2006 the Magician (Naga Hedge Wizard)           Turns: 2859, Time: 00:04:58

Health: -3/43      AC:  7    Str: 13    XL:     5   Next: 47%
Magic:  8/11       EV:  8    Int: 16    God:
Gold:   91         SH:  0    Dex: 10    Spells: 6/12 levels left

rFire   . . .      SeeInvis +    l - +0 long sword
rCold   . . .      Faith    .    (no shield)
rNeg    . . .      Spirit   .    b - +0 robe
rPois   +          Reflect  .    r - +0 helmet
rElec   .          Harm     .    (no cloak)
rCorr   .          Rampage  .    (no gloves)
Will    .....                    h - +0 barding
Stlth   ++                       o - amulet of the acrobat
HPRegen 0.27/turn                (no ring)
MPRegen 0.12/turn                (no ring)

@: short of breath, slightly contaminated, very slow
A: AC +1, large, see invisible, deformed body, poison resistance, slowness 2,
spit poison 1, naga tail 1
a: Spit Poison


You were on level 3 of the Dungeon.
You visited 1 branch of the dungeon, and saw 3 of its levels.

You collected 113 gold pieces.
You spent 22 gold pieces at shops.

Inventory:

Hand Weapons
 a - a +0 dagger
 l - a +0 long sword (weapon)
 t - a +3 dagger
Armour
 b - a +0 robe (worn)
 h - a +0 barding (worn)
 r - a +0 helmet (worn)
Jewellery
 o - an amulet of the acrobat (around neck)
Scrolls
 c - a scroll of magic mapping {unknown}
 e - a scroll of amnesia {unknown}
 f - a scroll of vulnerability {unknown}
 i - a scroll of brand weapon {unknown}
 k - 2 scrolls of fear {unknown}
 m - a scroll of identify
 q - a scroll of teleportation {unknown}
Potions
 g - a potion of cancellation {unknown}
 j - a potion of lignification {unknown}
 n - a potion of heal wounds {unknown}
 p - a potion of flight {unknown}
 s - a potion of degeneration {unknown}


   Skills:
 + Level 0.7 Fighting
 + Level 0.3 Long Blades
 + Level 1.9 Dodging
 + Level 3.5 Stealth
 + Level 4.4 Spellcasting
 + Level 2.4 Conjurations
 + Level 1.0 Summonings
 + Level 1.0 Translocations
 * Level 2.0 Poison Magic


You had 6 spell levels left.
You knew the following spells:

 Your Spells              Type           Power      Damage    Failure   Level
a - Magic Dart            Conj           44%        1d5       6%          1
b - Mephitic Cloud        Conj/Pois/Air  8%         N/A       26%         3
d - Blink                 Tloc           12%        N/A       16%         2

Your spell library contained the following spells:

 Spells                   Type           Power      Damage    Failure   Level
 Slow                     Hex            12%        N/A       16%         1
 Call Imp                 Summ           6%         N/A       16%         2
 Cigotuvi's Dreadful Rot  Necr/Pois/Air  10%        N/A       19%         2


Dungeon Overview and Level Annotations

Branches:
Dungeon (3/15)

Altars:

Shops:
D:2 *


Innate Abilities, Weirdness & Mutations

Your serpentine skin is tough. (AC +1)
You have supernaturally acute eyesight. (SInv)
Armour fits poorly on your strangely shaped body.
Your system is resistant to poisons. (rPois)
You cover ground very slowly.
You can spit poison.
You have a snake-like lower body.


Message History

Press: ? - help, Shift-Dir - straight line, f/p - orc priest
Aim: an orc priest, wielding a +0 short sword and wearing a +0 leather armour (chance to affect: 86%)
You miscast Mephitic Cloud.
You feel odd.
You are poisoned.
You resist.
* * * LOW HITPOINT WARNING * * *
You feel sick.
Unknown command.
Casting: Mephitic Cloud (quite dangerous; 26% risk of failure)
Confirm with . or Enter, or press ? or * to list all spells.
The spell is quite dangerous to miscast (26% risk of failure)!
Continue anyway?
Aiming: Mephitic Cloud (quite dangerous; 26% risk of failure)
Press: ? - help, Shift-Dir - straight line, f/p - orc priest
Aim: an orc priest, wielding a +0 short sword and wearing a +0 leather armour (chance to affect: 86%)
You miscast Mephitic Cloud.
Nothing appears to happen.
You feel sick. The orc priest closely misses you.
Unknown command.
You barely miss the orc priest.
You feel sick.
The orc priest hits you but does no damage.
Aiming: Spit Poison (1% risk of failure)
Press: ? - help, Shift-Dir - straight line, f/p - orc priest
Aim: an orc priest, wielding a +0 short sword and wearing a +0 leather armour (59% to hit)
The splash of poison misses the orc priest.
You feel sick.
You are no longer poisoned.
The orc priest miscasts a cantrip.
Unknown command.
Unknown command.
Magic courses through your body.
The orc priest begins to cast a cantrip, but forgets the words!
Casting: Mephitic Cloud (quite dangerous; 26% risk of failure)
Confirm with . or Enter, or press ? or * to list all spells.
The spell is quite dangerous to miscast (26% risk of failure)!
Continue anyway?
Aiming: Mephitic Cloud (quite dangerous; 26% risk of failure)
Press: ? - help, Shift-Dir - straight line, f/p - orc priest
Aim: an orc priest, wielding a +0 short sword and wearing a +0 leather armour (chance to affect: 86%)
You miscast Mephitic Cloud.
You are lightly contaminated with residual magic.
There is a short, sharp shower of sparks!
You die...

#.##.........# ###
######.############
.........#
.........#
.........##
########..#
########## ###
##.###........#
######.)
#.†##........#
#.......
##......@o...#
#.......
####.)$.....#
#....... #.......$#
#....... #........#
#....... #.>......#
####.#####
####.....###.##.#
..........#..#
######.##...#####
...#........#


You could see an orc priest.

Vanquished Creatures
  Jessica (D:2)
  8 adders
  2 worms (D:2)
  3 dart slugs
  2 orcs (D:3)
  6 endoplasms
  A giant cockroach (D:1)
  3 goblins
  3 hobgoblins
  2 jackals (D:1)
  3 quokkas
  8 ball pythons
  4 bats
  4 frilled lizards
  4 kobolds
  5 rats
59 creatures vanquished.

Vanquished Creatures (others)
  A fungus (D:1)
1 creature vanquished.

Grand Total: 60 creatures vanquished

Notes
Turn   | Place    | Note
-------+----------+-------------------------------------------
     0 | D:1      | zazu2006 the Naga Hedge Wizard began the quest for the Orb.
     0 | D:1      | Reached XP level 1. HP: 15/15 MP: 4/4
   265 | D:1      | Reached XP level 2. HP: 20/22 MP: 0/6
   643 | D:1      | Found a faded altar of an unknown god.
   920 | D:1      | Reached XP level 3. HP: 28/28 MP: 5/8
   924 | D:1      | Learned a level 3 spell: Mephitic Cloud
   927 | D:1      | Learned a level 2 spell: Blink
  1243 | D:2      | Noticed Jessica
  1367 | D:2      | Found Pautiodyre's General Store.
  1379 | D:2      | Bought a scroll of identify for 22 gold pieces
  1471 | D:2      | Reached XP level 4. HP: 37/37 MP: 0/9
  1785 | D:2      | Killed Jessica
  1786 | D:2      | Reached skill level 4 in Spellcasting
  2143 | D:3      | Reached XP level 5. HP: 43/43 MP: 6/11
  2190 | D:3      | Reached skill level 1 in Poison Magic
  2859 | D:3      | Killed by miscasting Mephitic Cloud

Illustrated notes

Levels and vault maps discovered:
D:1:      eino_arrival_water_star, layout_loops_cross,
          shapermc_ecumenical_altar_acropolis, chequers_garden
D:2:      layout_rooms, serial_shops, shop, uniq_jessica
D:3:      layout_basic, st_stairs_12

Skill      XL: |  1  2  3  4  5 |
---------------+----------------+-----
Conjurations   | 2 |  2.4
Spellcasting   | 4 |  4.4
Poison Magic   | 2 |  2.0
Fighting       | |  0.7
Long Blades    | |  0.3
Dodging        | |  1.9
Stealth        | |  3.5
Summonings     | |  1.0
Translocations | |  1.0

Action                   |  1- 3 |  4- 6 || total
-------------------------+-------+-------++-------
Melee: Dagger            |    10 |       ||    10
       Falchion          |    11 |    15 ||    26
       Long sword        |       |     1 ||     1
 Cast: Magic Dart        |    74 |    64 ||   138
       Mephitic Cloud    |       |     1 ||     1
 Abil: Spit Poison       |     4 |     7 ||    11
  Use: Potion            |       |     1 ||     1
Armor: Robe              |    11 |    13 ||    24
Dodge: Dodged            |    21 |     9 ||    30

Table legend: (Time is in decaauts)
 A = Elapsed time spent in this place.
 B = Non-inter-level travel time spent in this place.
 C = Inter-level travel time spent in this place.
 D = Time resting spent in this place.
 E = Time spent auto-exploring this place.
 F = Levels seen in this place.
 G = Mean time per level.
                   A        B        C        D        E       F      G
               +--------+--------+--------+--------+--------+-----+--------+
         Total |   3430 |   3364 |     66 |      0 |   2744 |   3 | 1143.3 |
       Dungeon |   3430 |   3364 |     66 |      0 |   2744 |   3 | 1143.3 |
               +--------+--------+--------+--------+--------+-----+--------+

Top non-repeatable levels by time:
     D:1: 1579 daAuts
     D:3: 953 daAuts
     D:2: 897 daAuts
